 Dungeon Crawl Stone Soup version 0.27-a0-1196-g3e9cee4cb2 (webtiles) character file.

Game seed: 6976060970637314018

509 spiderkeys the Shield-Bearer (level 7, -9/56 HPs)
             Began as a Formicid Fighter on May 28, 2021.
             Was an Initiate of Gozag.
             Killed from afar by Ijyb (16 damage)
             ... with a bolt of acid
             ... on level 4 of the Dungeon.
             The game lasted 00:07:25 (4509 turns).

spiderkeys the Shield-Bearer (Formicid Fighter)     Turns: 4509, Time: 00:07:26

Health: -9/56      AC:  3    Str: 22    XL:     7   Next: 42%
Magic:  7/7        EV:  8    Int:  8    God:    Gozag
Gold:   112        SH: 10    Dex: 10    Spells: 6/6 levels left

rFire    . . .     SeeInvis +   a - +0 war axe
rCold    . . .     Faith    .   c - +0 kite shield
rNeg     . . .     Spirit   .   b - +0 scale mail
rPois    .         Reflect  .   (helmet unavailable)
rElec    .         Harm     .   (no cloak)
rCorr    .         Rampage  .   (no gloves)
Will     .....                  (no boots)
Stlth    ..........             g - amulet of regeneration
HPRegen  1.18/turn              Z - ring of wizardry
MPRegen  0.10/turn              (no ring)

@: corroded, flying
A: permanent stasis, dig shafts and tunnels, antennae 3, four strong arms
a: Dig, Shaft Self, Renounce Religion, Potion Petition, Call Merchant, Bribe
Branch


You were on level 4 of the Dungeon.
You worshipped Gozag.
Gozag was aware of your devotion.
You visited 2 branches of the dungeon, and saw 5 of its levels.

You collected 166 gold pieces.
You paid 54 gold pieces to Gozag.


Innate Abilities, Weirdness & Mutations

You cannot be hasted, slowed, berserked, paralysed or teleported.
You can dig through walls and to a lower floor.
You have a pair of large antennae on your head. (SInv)
Your four strong arms can wield two-handed weapons with a shield.


   Skills:
 + Level 5.1 Fighting
 + Level 4.1 Axes
 + Level 5.2 Armour
 + Level 5.6 Shields


You had 6 spell levels left.
You didn't know any spells.
Your spell library was empty.

Inventory:

Hand Weapons
 a - a +0 war axe (weapon)
Missiles
 h - 23 sling bullets
 i - 52 bolts
 j - 132 stones (quivered)
 p - 22 arrows
 r - 3 silver boomerangs
Armour
 b - a +0 scale mail (worn)
 c - a +0 kite shield (worn)
Jewellery
 g - an amulet of regeneration (around neck)
   (You found it on level 2 of the Dungeon)
 Z - a ring of wizardry (left hand)
   (You found it on level 2 of the Dungeon)
Scrolls
 e - a scroll of teleportation {unknown}
 m - 3 scrolls of identify {unknown}
 n - a scroll of holy word {unknown}
Potions
 d - a potion of might
 f - a potion of curing {@q1}
 k - a potion of berserk rage {unknown}
 l - 3 potions of flight
 o - a potion of attraction {unknown}
 q - a potion of mutation {unknown}

Dungeon Overview and Level Annotations

Branches:
Dungeon (4/15)             Temple (1/1) D:4

Altars:
Ashenzari
Dithmenos
Fedhas
Gozag
Hepliaklqana
Kikubaaqudgha
Makhleb
Nemelex Xobeh
Okawaru
Qazlal
Ru
Sif Muna
Trog
Vehumet
Wu Jian
Xom

Shops:
D:2 !   D:3 :   D:4 =

Annotations:
D:4 Ijyb

#.#.#.##.##.#
#.#.#.##.##.# #.#
#.#.#.##.##.# #.#
#.#.#.##.##.# #.#
#.#.#.##.##.# #.#
#.#......##.# #.#
..........#.####.#
#.#.#...........g#
#.#.#.###.#.###.@#
#.#.#.........#..#
#.#.#...#.#.#.#..#
..#.#.......#.#..#
#.#.#.#.#.#...#..#
#.#.#.#.#.#.#.#..#
#.#.#.....#)#.#..#
###.#...###.###..#
....#...# #.# #..#


You could see Ijyb (fast).


Message History

You hit the ogre. The ogre hits you with a +0 giant club!
* * * LOW HITPOINT WARNING * * *
😱 HP[-12]
You take 12 damage, and now have 14/56 hp.
MASSIVE DAMAGE!! (PAUSE)
Your shield and scale mail prevent you from hitting the ogre.
You block the ogre's attack. 😨 HP[+1]
You barely miss the ogre. You block the ogre's attack. 😨 HP[+2]
You regained 2 hp, and now have 17/56 hp.
You hit the ogre. You block the ogre's attack. 😨 HP[+2]
You regained 2 hp, and now have 19/56 hp.
You slash the ogre!
You kill the ogre!
Your Axes skill increases to level 4! 😨 HP[+1]
You now have 106 gold pieces (gained 13).
You see here a +0 giant club. 😨 HP[+3]
You regained 3 hp, and now have 23/56 hp.
j - 132 stones (gained 1) Key pressed, stopping explore.
i - 52 bolts (gained 20) Key pressed, stopping explore.
An endoplasm comes into view. 😎 HP[+33]
Your hp is fully restored (56).
An endoplasm is nearby!
No target in view!
No target in view!
No target in view!
The endoplasm quivers.
An endoplasm is nearby!
You slash the endoplasm!
You kill the endoplasm!
No target in view!
You now have 112 gold pieces (gained 6).
You see here a +0 giant club.
Key pressed, stopping explore.
Ijyb the Twisted Goblin comes into view.
She is wielding a +0 dagger and carrying a wand of acid (8).
Ijyb shouts!
Ijyb drinks a potion.
Ijyb seems to speed up.
Ijyb screams, "You nasty!
Big nasty!"
Ijyb zaps a wand.
The bolt of acid misses you.
You slash Ijyb! You block Ijyb's attack.
Ijyb zaps a wand.
The bolt of acid hits you!! The acid corrodes you!
You are splashed with acid!
* * * LOW HITPOINT WARNING * * *
Ijyb hits you with a +0 dagger.
* * * LOW HITPOINT WARNING * * *
😨 HP[-40]
You take 40 damage, and now have 16/56 hp.
MASSIVE DAMAGE!! (PAUSE)
You feel better. You block Ijyb's attack. 😨 HP[+9]
You regained 9 hp, and now have 25/56 hp.
You hit Ijyb but do no damage.
Ijyb zaps a wand.
The bolt of acid misses you. You block Ijyb's attack. 😨 HP[+1]
You hit Ijyb. You block Ijyb's attack. x2 😨 HP[+2]
You regained 2 hp, and now have 28/56 hp.
You hit Ijyb but do no damage. You block Ijyb's attack.
Ijyb screams, "I cut your head off!"
Ijyb zaps a wand.
The bolt of acid hits you!
* * * LOW HITPOINT WARNING * * *
You are splashed with acid!
* * * LOW HITPOINT WARNING * * *
You block Ijyb's attack. 😱 HP[-23]
You take 23 damage, and now have 5/56 hp.
MASSIVE DAMAGE!! (PAUSE) It was a potion of flight.
You feel very buoyant.
You fly up into the air.
Ijyb screams, "You nasty!
Big nasty!"
Ijyb misses you. 😱 HP[+1]
Okay, then.
You closely miss Ijyb. You block Ijyb's attack.
Ijyb hits you but does no damage. 😱 HP[+2]
You regained 2 hp, and now have 8/56 hp.
You closely miss Ijyb. Ijyb barely misses you. Ijyb hits you with a +0 dagger.
* * * LOW HITPOINT WARNING * * *
😱 HP[-3]
You take 3 damage, and now have 5/56 hp.
Are you sure you want to shaft yourself?
Unknown command.
You barely miss Ijyb.
Ijyb zaps a wand.
The bolt of acid hits you!
You die...
Your body crumbles into a pile of gold.

Skill      XL: |  1  2  3  4  5  6  7 |
---------------+----------------------+-----
Shields        | 4 5 |  5.6
Armour         | 4 5 |  5.2
Fighting       | 4 5 |  5.1
Axes           | 3 4 |  4.1

Action                   |  1- 3 |  4- 6 |  7- 9 || total
-------------------------+-------+-------+-------++-------
Melee: War axe           |   119 |   185 |    28 ||   332
Throw: Stone             |       |     3 |     2 ||     5
       Boomerang         |       |       |     2 ||     2
 Abil: Dig               |       |     8 |       ||     8
  Use: Potion            |       |       |     2 ||     2
Armor: Scale mail        |    43 |    79 |     3 ||   125
Dodge: Dodged            |    41 |    60 |     7 ||   108
Block: Kite shield       |    73 |   102 |    16 ||   191

Levels and vault maps discovered:
D:1:      dpeg_arrival_simpleton_c, layout_basic,
          shapermc_ecumenical_altar_flowoftime
D:2:      layout_loops_ring, serial_shops, shop, basic_altar, uniq_robin
D:3:      layout_basic, serial_aquarium, aquarium_bridge_long_separate
          [aquarium_subvault_window, aquarium_subvault_wall,
          aquarium_subvault_bridge, aquarium_subvault_window,
          aquarium_subvault_bridge, aquarium_subvault_bridge],
          aquarium_window_corner, aquarium_window_1, aquarium_window_2,
          aquarium_window_corner, aquarium_view_2c, aquarium_view_2b,
          serial_shops, shop, uniq_jessica, uniq_natasha
D:4:      layout_basic, minmay_temple_entry_proselytizer, serial_shops, shop,
          uniq_ijyb
Temple:   roderic_octagonal_lattice_temple

Notes
Turn   | Place    | Note
-------+----------+-------------------------------------------
     0 | D:1      | spiderkeys the Formicid Fighter began the quest for the
                  | Orb.
     0 | D:1      | Reached XP level 1. HP: 18/18 MP: 1/1
     0 | D:1      | magus.rc [v1.9.10]
   465 | D:1      | Reached XP level 2. HP: 24/24 MP: 2/2
   558 | D:1      | Found a faded altar of an unknown god.
   998 | D:1      | Reached skill level 4 in Shields
  1082 | D:2      | Reached XP level 3. HP: 21/29 MP: 3/3
  1156 | D:2      | Noticed Robin
  1165 | D:2      | HP: 5/30 [hobgoblin[Robin] (3)]
  1474 | D:2      | Killed Robin
  1514 | D:2      | Reached XP level 4. HP: 10/37 MP: 4/4
  1785 | D:2      | Found a sacrificial altar of Ru.
  1842 | D:2      | Found Udeunk's Distillery.
  2115 | D:2      | Reached skill level 4 in Armour
  2221 | D:2      | Reached skill level 4 in Fighting
  2501 | D:3      | Noticed Jessica
  2509 | D:2      | Reached XP level 5. HP: 37/42 MP: 5/5
  2590 | D:3      | Noticed Natasha
  2600 | D:3      | Killed Natasha
  2601 | D:3      | Reached skill level 3 in Axes
  2819 | D:3      | Killed Jessica
  2876 | D:3      | Found Sitweiwk's Book Boutique.
  3000 | D:3      | Noticed Natasha
  3007 | D:3      | Killed Natasha
  3008 | D:3      | Reached XP level 6. HP: 49/49 MP: 6/6
  3210 | D:3      | Noticed Natasha
  3214 | D:3      | Killed Natasha
  3865 | D:4      | Reached skill level 5 in Shields
  3934 | D:4      | Found Himp's Jewellery Shoppe.
  4125 | D:4      | Reached XP level 7. HP: 47/55 MP: 7/7
  4134 | D:4      | Found a staircase to the Ecumenical Temple.
  4144 | D:4      | Reached skill level 5 in Armour
  4149 | Temple   | Entered the Ecumenical Temple
  4289 | Temple   | Became a worshipper of Gozag Ym Sagoz the Greedy
  4333 | D:4      | Reached skill level 5 in Fighting
  4375 | D:4      | HP: 14/56 [ogre/+0 giant club (14)]
  4380 | D:4      | Reached skill level 4 in Axes
  4497 | D:4      | Noticed Ijyb
  4505 | D:4      | HP: 5/56 [acid (12)]
  4509 | D:4      | Killed from afar by Ijyb

Vanquished Creatures
  An ogre (D:4)
  A scorpion (D:4)
  A bullfrog skeleton (D:4)
  A jelly (D:4)
  A hound (D:4)
  An orc priest (D:4)
  Jessica (D:3)
  Natasha (thrice) (D:3)
  Robin (D:2)
  4 adders
  An adder skeleton (D:4)
  A worm (D:2)
  2 dart slugs
  An orc (D:3)
  6 endoplasms
  5 giant cockroaches
  7 hobgoblins
  11 jackals
  5 kobolds
  4 quokkas
  5 ball pythons
  6 bats
  4 frilled lizards
  14 goblins
  8 rats
95 creatures vanquished.

Table legend:
 A = Non-vault XP
 B = Vault XP
 C = Vault XP percentage of total XP
 D = Non-vault monster count
 E = Vault monster count
 F = Vault count percentage of total count
                 A         B        C        D         E       F
            +---------+---------+-------+---------+---------+-------
      Total |     577 |     151 |  20.7 |      79 |      16 |  16.8
            +---------+---------+-------+---------+---------+-------
        D:1 |      27 |       2 |   6.9 |      18 |       1 |   5.3
        D:2 |      74 |      36 |  32.7 |      22 |      12 |  35.3
        D:3 |     120 |      72 |  37.5 |      23 |       2 |   8.0
        D:4 |     356 |      41 |  10.3 |      16 |       1 |   5.9
            +---------+---------+-------+---------+---------+-------

Illustrated notes

Table legend:
 A = Kills in this place as a percentage of kills in entire the game.
 B = Kills by you in this place as a percentage of kills by you in the entire game.
 C = Kills by friends in this place as a percentage of kills by friends in the entire game.
 D = Other kills in this place as a percentage of other kills in the entire game.
 E = Experience gained in this place as a percentage of experience gained in the entire game.
 F = Experience gained in this place divided by the number of levels of this place that you have seen.
                   A       B       C       D       E      F
               +-------+-------+-------+-------+-------+----------------------
         Total | 100.0 | 100.0 |   N/A |   N/A | 100.0 | 145.6
       Dungeon | 100.0 | 100.0 |   N/A |   N/A | 100.0 | 182.0
               +-------+-------+-------+-------+-------+----------------------

Table legend: (Time is in decaauts)
 A = Elapsed time spent in this place.
 B = Non-inter-level travel time spent in this place.
 C = Inter-level travel time spent in this place.
 D = Time resting spent in this place.
 E = Time spent auto-exploring this place.
 F = Levels seen in this place.
 G = Mean time per level.
                   A        B        C        D        E       F      G
               +--------+--------+--------+--------+--------+-----+--------+
         Total |   4688 |   4071 |    617 |    179 |   2888 |   5 |  937.6 |
       Dungeon |   4520 |   3929 |    591 |    179 |   2752 |   4 | 1130.0 |
        Temple |    167 |    141 |     26 |      0 |    136 |   1 |  167.0 |
               +--------+--------+--------+--------+--------+-----+--------+

Top non-repeatable levels by time:
     D:1: 1392 daAuts
     D:3: 1339 daAuts
     D:2: 1235 daAuts
     D:4: 553 daAuts
  Temple: 167 daAuts
